 Dungeon Crawl Stone Soup version 0.25-a0-578-gc91f01c39c (console) character file.

Game seed: 13903008418775309603, levelgen mode: deterministic

65 utis the Caller (level 4, 0/26 HPs)
             Began as a Tengu Summoner on Mar 5, 2020.
             Killed by divine providence
             ... invoked by an orc priest
              (12 damage)
             ... on level 3 of the Dungeon.
             The game lasted 00:07:12 (3802 turns).

utis the Caller (Tengu Summoner)                    Turns: 3802, Time: 00:07:12

Health: 0/26       AC:  5    Str:  9    XL:     4   Next: 14%
Magic:  1/8        EV: 11    Int: 16    God:
Gold:   84         SH:  0    Dex: 14    Spells: 1/7 levels left

rFire    . . .     SeeInvis .   a - +1 spear (freeze)
rCold    . . .     Gourm    .   (no shield)
rNeg     . . .     Faith    .   s - +0 ring mail
rPois    .         Spirit   .   (helmet restricted)
rElec    .         Reflect  .   (no cloak)
rCorr    .         Harm     .   (no gloves)
MR       .....                  (boots unavailable)
Stlth    +.........             (no amulet)
HPRegen  0.08/turn              (no ring)
MPRegen  0.11/turn              (no ring)

@: no status effects
A: beak, talons 3
a: no special abilities


You were on level 3 of the Dungeon.
You were not hungry.

You visited 1 branch of the dungeon, and saw 3 of its levels.

You collected 84 gold pieces.

Inventory:

Hand Weapons
 a - a +1 spear of freezing (weapon)
 b - a +0 short sword
Missiles
 d - 53 stones (quivered)
 r - 2 javelins
Armour
 l - a +0 leather armour
 n - a +0 chain mail
 o - a +0 robe
 p - a +0 plate armour
 s - a +0 ring mail (worn)
Scrolls
 g - 2 scrolls of remove curse {@r2}
 m - a scroll of teleportation {@r4}
Potions
 e - a potion of might {unknown}
 f - a potion of brilliance {unknown}
 h - 2 potions of curing {@q1}
 i - a potion of haste {unknown}
 j - a potion of mutation {unknown}
 k - a potion of heal wounds {unknown}
Comestibles
 c - 5 rations {@e1}


   Skills:
 + Level 2.0 Fighting
 + Level 3.2 Dodging
 - Level 2.0 Stealth
 - Level 2.0 Spellcasting
 + Level 5.5 Summonings


You had one spell level left.
You knew the following spells:

 Your Spells              Type           Power        Failure   Level  Hunger
f - Call Canine Familiar  Summ           ###.....     19%         3    ###....
p - Call Imp              Summ           ###.....     9%          2    ###....
z - Summon Small Mammal   Summ           ###.         6%          1    #......

Your spell library contained the following spells:

 Spells                   Type           Power        Failure   Level  Hunger
 Summon Guardian Golem    Hex/Summ       ##......     50%         3    ###....
 Summon Ice Beast         Ice/Summ       ##......     88%         4    #####..
 Summon Lightning Spire   Summ/Air       ##......     88%         4    #####..


Dungeon Overview and Level Annotations

Branches:
Dungeon (3/15)

Altars:
Sif Muna


Innate Abilities, Weirdness & Mutations

You have a beak for a mouth.
You have claws for feet.


Message History

You climb downwards.
There is a stone staircase leading up here.
Unknown command.
Casting: Call Imp (safe; 9% risk of failure)
Confirm with . or Enter, or press ? or * to list all spells.
Casting: Call Canine Familiar (safe; 19% risk of failure)
Confirm with . or Enter, or press ? or * to list all spells.
A beastly little devil appears in a puff of flame.
* * * LOW MAGIC WARNING * * *
The orc priest mumbles some strange prayers to Beogh against you.
Pain shoots through your body!
Ouch! That really hurt!
* * * LOW HITPOINT WARNING * * *
Casting: Call Imp (safe; 9% risk of failure)
Confirm with . or Enter, or press ? or * to list all spells.
A beastly little devil appears in a puff of flame.
* * * LOW MAGIC WARNING * * *
The orc priest invokes the aid of Beogh against you.
Beogh smites you!
You die...

.➘...▒▒...▒▒..
.➘....▒▒⌠▒▒.➘░░░░░
.......▒▒▒..░➘....░░
..................➘░░
....➘..........o....░
.>➘..€............░
░...........?...░
░.............<.░
░5Q..ho.........░
░░5............░░
░░.....░.....░░
░░░░░░░░░░░░


You could see an orc priest, a friendly hound and 2 friendly crimson imps.

Vanquished Creatures
  2 adders
  An ooze (D:2)
  2 leopard geckos
  4 orcs (D:2)
  A ball python (D:1)
  5 bats
  A giant cockroach (D:1)
  4 goblins
  A hobgoblin (D:1)
  3 jackals (D:2)
  2 frilled lizards (D:2)
  7 kobolds
  4 rats
37 creatures vanquished.

Notes
Turn   | Place    | Note
-------+----------+-------------------------------------------
     0 | D:1      | utis the Tengu Summoner began the quest for the Orb.
     0 | D:1      | Reached XP level 1. HP: 10/10 MP: 4/4
   432 | D:1      | Reached skill level 5 in Summonings
   432 | D:1      | Reached XP level 2. HP: 12/16 MP: 6/6
   464 | D:1      | Learned a level 2 spell: Call Imp
   751 | D:1      | Reached skill level 1 in Fighting
  1611 | D:2      | Found a shimmering blue altar of Sif Muna.
  1629 | D:2      | Reached XP level 3. HP: 12/20 MP: 7/7
  1996 | D:2      | Learned a level 3 spell: Call Canine Familiar
  3535 | D:3      | Reached XP level 4. HP: 9/26 MP: 5/8
  3802 | D:3      | Killed from afar by an orc priest

Levels and vault maps discovered:
D:1:      dpeg_arrival_lava_altar, layout_basic
D:2:      layout_loops_corners, lemuel_doored_altar
D:3:      layout_rooms, hellmonk_ghost_happy_afterlife

Skill      XL: |  1  2  3 |
---------------+----------+-----
Summonings     | 5 |  5.5
Fighting       | 1 2 |  2.0
Dodging        | 3 |  3.2
Stealth        | |  2.0
Spellcasting   | |  2.0

Action                   |  1- 3 |  4- 6 || total
-------------------------+-------+-------++-------
Melee: Short sword       |    70 |       ||    70
       Kick              |    18 |       ||    18
       Peck              |     9 |       ||     9
       Spear             |    38 |       ||    38
Throw: Stone             |    40 |     4 ||    44
 Cast: Call Imp          |     2 |     2 ||     4
       Call Canine Famil |     1 |     1 ||     2
       Summon Small Mamm |     1 |       ||     1
  Use: Scroll            |     6 |       ||     6
 Stab: Sleeping          |     5 |       ||     5
  Eat: Chunk             |     8 |     1 ||     9
Armor: Robe              |    10 |       ||    10
       Leather armour    |    10 |       ||    10
       Ring mail         |       |     1 ||     1
Dodge: Dodged            |    71 |     4 ||    75

Table legend:
 A = Non-vault XP
 B = Vault XP
 C = Vault XP percentage of total XP
 D = Non-vault monster count
 E = Vault monster count
 F = Vault count percentage of total count
                 A         B        C        D         E       F
            +---------+---------+-------+---------+---------+-------
      Total |      94 |       0 |   0.0 |      37 |       0 |   0.0
            +---------+---------+-------+---------+---------+-------
        D:1 |      31 |       0 |   0.0 |      19 |       0 |   0.0
        D:2 |      50 |       0 |   0.0 |      17 |       0 |   0.0
        D:3 |      13 |       0 |   0.0 |       1 |       0 |   0.0
            +---------+---------+-------+---------+---------+-------
